 Dungeon Crawl Stone Soup version 0.23.1-37-gaa34b87b72 (webtiles) character file.

Game seed: 9595682937656248957

772 Peloso the Slasher (level 7, -2/61 HPs)
             Began as a Minotaur Fighter on Mar 27, 2019.
             Was a Follower of Okawaru.
             Killed from afar by an orc wizard (6 damage)
             ... with a magic dart
             ... on level 4 of the Dungeon.
             The game lasted 00:07:31 (3953 turns).

Peloso the Slasher (Minotaur Fighter)               Turns: 3953, Time: 00:07:39

Health: -2/61      AC: 12    Str: 21    XL:     7   Next: 53%
Magic:  6/6        EV:  7    Int:  5    God:    Okawaru [*.....]
Gold:   154        SH: 15    Dex: 11    Spells: 6/6 levels left

rFire    . . .     SeeInvis .   a - +0 long sword
rCold    . . .     Gourm    .   c - +0 shield
rNeg     . . .     Faith    .   u - +0 chain mail
rPois    .         Spirit   .   (helmet restricted)
rElec    .         Reflect  +   p - +0 cloak
rCorr    +         Harm     .   o - +0 pair of gloves
MR       .....                  (no boots)
Stlth    ..........             s - +5 amulet of reflection
HPRegen  0.20/turn              n - ring of stealth
MPRegen  0.10/turn              q - ring of resist corrosion

@: no status effects
A: retaliatory headbutt, horns 2
a: Heroism, Renounce Religion


You were on level 4 of the Dungeon.
You worshipped Okawaru.
Okawaru was aware of your devotion.
You were very hungry.

You visited 1 branch of the dungeon, and saw 5 of its levels.

You collected 154 gold pieces.

Inventory:

Hand Weapons
 a - a +0 long sword (weapon)
 i - a +1 hand axe of chopping
Armour
 b - a +0 scale mail
 c - a +0 shield (worn)
 o - a +0 pair of gloves (worn)
 p - a +0 cloak (worn)
 u - a +0 chain mail (worn)
Jewellery
 n - a ring of stealth (left hand)
 q - a ring of resist corrosion (right hand)
 r - an uncursed ring of flight
 s - a +5 amulet of reflection (around neck)
Wands
 t - a wand of digging (4)
Scrolls
 e - a scroll of noise {unknown}
 g - 4 scrolls of remove curse {unknown}
 h - 7 scrolls of identify {unknown}
 j - a scroll of magic mapping {unknown}
 k - 2 scrolls of fear {unknown}
 l - a scroll of blinking {unknown}
 m - a scroll of immolation {unknown}
 w - a scroll of teleportation {unknown}
Potions
 d - a potion of might
Comestibles
 f - 10 rations


   Skills:
 + Level 5.1 Fighting
 + Level 6.4 Long Blades
 + Level 5.8 Armour
 + Level 2.5 Dodging
 + Level 0.2 Stealth
 + Level 5.9 Shields


You had 6 spell levels left.
You didn't know any spells.
Your spell library contained the following spells:

 Spells                   Type           Power        Failure   Level  Hunger
 Confusing Touch          Hex            #.....       100%        1    ##.....
 Confuse                  Hex            #.......     100%        3    ####...
 Gell's Gravitas          Tloc           #.........   100%        3    ####...
 Petrify                  Tmut/Erth      #.......     100%        4    #####..
 Metabolic Englaciation   Hex/Ice        #.........   100%        5    ######.
 Yara's Violent Unravell  Hex/Tmut       #.........   100%        5    ######.


Dungeon Overview and Level Annotations

Branches:
Dungeon (5/15)             Temple (0/1) D:4

Altars:
Okawaru
Xom


Innate Abilities, Weirdness & Mutations

You reflexively headbutt those who attack you in melee.
You have a pair of horns on your head.


Message History

You closely miss the orc wizard.
The orc wizard is heavily wounded.
You block the orc wizard's attack. The orc wizard casts a spell at you.
The puff of flame hits you!
* * * LOW HITPOINT WARNING * * *
You hit the orc wizard. Your headbutt misses the orc wizard.
The orc wizard is heavily wounded.
You block the orc wizard's attack.
Your shield and chain mail prevent you from hitting the orc wizard.
The orc wizard is heavily wounded.
The orc wizard hits you but does no damage.
You block the orc wizard's attack.
You hit the orc wizard.
The orc wizard is severely wounded.
The orc wizard gestures at you while chanting.
The magic dart hits you but does no damage.
The orc wizard gestures at you while chanting.
The magic dart hits you.
You die...

#.###(# #.## #.#
#..##.#####..###..
##.##.#........... ######
###.....>........... #.>..#
##..........#....#... #....#
###.............#......
#....####...#.......#####..####
#[...................#####.# #
#........####.@o........##.## #
#....##### #.......##......###
#....# ######..........####.
#....# ##........#####.....#.
#....#####.....#...).##......#.
######.......................#.
#.........)........).......#)
#.####.....................))
#.# #....<..........###..###


You could see an orc wizard.

Vanquished Creatures
  A sky beast (D:4)
  An ogre (D:5)
  A big kobold (D:4)
  A scorpion (D:4)
  A howler monkey (D:4)
  3 orc priests
  Crazy Yiuf (D:2)
  A bullfrog skeleton (D:5)
  3 orc wizards (D:3)
  2 worker ants
  7 adders
  An ooze (D:3)
  3 worms
  A leopard gecko (D:4)
  11 orcs
  A ball python (D:3)
  6 bats
  6 giant cockroaches
  8 goblins
  9 hobgoblins
  4 jackals (D:2)
  2 quokkas (D:2)
  4 frilled lizards
  10 kobolds
  A leopard gecko skeleton (D:5)
  11 rats
100 creatures vanquished.

Notes
Turn   | Place    | Note
-------+----------+-------------------------------------------
     0 | D:1      | Peloso the Minotaur Fighter began the quest for the Orb.
     0 | D:1      | Reached XP level 1. HP: 19/19 MP: 0/0
   225 | D:1      | Reached XP level 2. HP: 27/27 MP: 1/1
   766 | D:2      | Reached XP level 3. HP: 32/33 MP: 2/2
   842 | D:2      | HP: 1/33 [poisoned by a worker ant]
  1011 | D:2      | Found a shimmering altar of Xom.
  1012 | D:2      | Reached XP level 4. HP: 24/40 MP: 3/3
  1032 | D:2      | Reached skill level 1 in Dodging
  1036 | D:2      | Found a shimmering altar of Xom.
  1036 | D:2      | Found a shimmering altar of Xom.
  1036 | D:2      | Found a shimmering altar of Xom.
  1040 | D:2      | Found a shimmering altar of Xom.
  1040 | D:2      | Found a shimmering altar of Xom.
  1059 | D:2      | Reached skill level 3 in Long Blades
  1178 | D:2      | Found an iron altar of Okawaru.
  1287 | D:2      | Became a worshipper of Warmaster Okawaru
  1388 | D:2      | Found a runed translucent door.
  1389 | D:2      | Noticed Crazy Yiuf
  1395 | D:2      | Killed Crazy Yiuf
  1395 | D:2      | Reached XP level 5. HP: 33/46 MP: 4/4
  1470 | D:2      | Reached skill level 5 in Armour
  1736 | D:3      | Reached skill level 5 in Shields
  1968 | D:3      | Found a faded altar of an unknown god.
  2614 | D:3      | Reached skill level 4 in Long Blades
  2614 | D:3      | Reached XP level 6. HP: 53/53 MP: 5/5
  2917 | D:4      | Found a staircase to the Ecumenical Temple.
  2960 | D:4      | Reached skill level 5 in Long Blades
  3189 | D:4      | Reached * piety under Okawaru
  3202 | D:4      | Reached XP level 7. HP: 60/60 MP: 6/6
  3364 | D:5      | Entered Level 5 of the Dungeon
  3388 | D:4      | HP: 2/60 [something (6)]
  3391 | D:4      | Reached skill level 5 in Fighting
  3391 | D:4      | Reached skill level 6 in Long Blades
  3950 | D:4      | HP: 3/61 [orc wizard/puff of flame (7)]
  3953 | D:4      | Killed from afar by an orc wizard

Skill      XL: |  1  2  3  4  5  6  7 |
---------------+----------------------+-----
Shields        | 4 5 |  5.9
Fighting       | 4 5 |  5.1
Armour         | 4 5 |  5.8
Dodging        | 1 2 |  2.5
Long Blades    | 3 4 5 6 |  6.4
Stealth        | |  0.2

Action                   |  1- 3 |  4- 6 |  7- 9 || total
-------------------------+-------+-------+-------++-------
Melee: Long sword        |    85 |   168 |    45 ||   298
       Headbutt          |    16 |    33 |     5 ||    54
  Use: Potion            |       |       |     2 ||     2
  Eat: Chunk             |       |     7 |     2 ||     9
Armor: Scale mail        |    79 |    24 |       ||   103
       Chain mail        |       |    63 |    36 ||    99
Dodge: Dodged            |    54 |    42 |    14 ||   110
Block: Shield            |    69 |    92 |    25 ||   186
       Rpst.: Long sword |    13 |    10 |     2 ||    25
